| TOP OF THE 1ST |
|
Mahoning Valley Scrappers batting - Pitching for Chicago (NYP) White Sox : LHP Sean Cerna
|
|
Pitching: LHP Sean Cerna
|
|
|
Batting: RHB Kenzo Shinoda
|
0-0: Called Strike 0-1: Called Strike 0-2: Ball 1-2: Foul Ball, location: 2F 1-2: Strikes out swinging
|
|
Batting: LHB Shane Montalvo
|
0-0: Foul Ball, location: 2F 0-1: Ball 1-1: Ball 2-1: Ball 3-1: Called Strike 3-2: DOUBLE (Groundball, 3L, EV 105.6 MPH)
|
|
Batting: RHB Andy Lewis
|
0-0: SINGLE (Groundball, 56D, EV 98.1 MPH) Shane Montalvo to third Runner from 3rd tries for Home, SAFE, throw by LF to home
|
|
Batting: RHB John Bianconi
|
0-0: Called Strike Andy Lewis is caught stealing 2nd base 2-4 0-1: Swinging Strike 0-2: Fly out, F7 (Line Drive, 7S, EV 98.8 MPH)
|
| Top of the 1st over - 1 run, 2 hits, 0 errors, 0 left on base; Mahoning Valley 1 - Chicago (NYP) 0 |
| BOTTOM OF THE 1ST |
|
Chicago (NYP) White Sox batting - Pitching for Mahoning Valley Scrappers : LHP Jordan Leon
|
|
Pitching: LHP Jordan Leon
|
|
|
Batting: RHB Russ Cornett
|
0-0: Ball 1-0: Ball 2-0: Bunted foul 2-1: Swinging Strike 2-2: Foul Ball, location: 2F 2-2: Ball 3-2: Ground out 6-3 (Groundball, 6M, EV 105.0 MPH)
|
|
Batting: LHB Adam Tarbutton
|
0-0: Ball 1-0: Called Strike 1-1: Ball 2-1: Ball 3-1: Base on Balls
|
|
Batting: SHB Alfie Bungledorf
|
0-0: Foul Ball, location: 2F 0-1: Ball 1-1: Swinging Strike 1-2: Ball 2-2: Ball 3-2: Strikes out swinging
|
|
Batting: RHB Will Washburn
|
0-0: Fly out, F9 (Flyball, 9S, EV 85.0 MPH)
|
| Bottom of the 1st over - 0 runs, 0 hits, 0 errors, 1 left on base; Mahoning Valley 1 - Chicago (NYP) 0 |
| TOP OF THE 2ND |
|
Mahoning Valley Scrappers batting - Pitching for Chicago (NYP) White Sox : LHP Sean Cerna
|
|
Batting: SHB Travis Burnett
|
0-0: Ball 1-0: Fly out, F9 (Flyball, 89M, EV 95.0 MPH)
|
|
Batting: RHB Luis Roman
|
0-0: Ball 1-0: Ball 2-0: Foul Ball, location: 2F 2-1: Swinging Strike 2-2: Hit by Pitch
|
|
Batting: SHB Javon Mitchell
|
0-0: Ball 1-0: Swinging Strike 1-1: Foul Ball, location: 2F 1-2: Foul Ball, location: 2F 1-2: Strikes out swinging
|
|
Batting: RHB Anibal Casteles
|
0-0: Called Strike 0-1: Ball 1-1: Foul Ball, location: 2F 1-2: Fielders Choice at 2nd, 6-4 (Groundball, 56, EV 85.6 MPH)
|
| Top of the 2nd over - 0 runs, 0 hits, 0 errors, 1 left on base; Mahoning Valley 1 - Chicago (NYP) 0 |
| BOTTOM OF THE 2ND |
|
Chicago (NYP) White Sox batting - Pitching for Mahoning Valley Scrappers : LHP Jordan Leon
|
|
Batting: LHB Joe Kirkland
|
0-0: Ball 1-0: Foul Ball, location: 2F 1-1: Ball 2-1: Ball 3-1: SINGLE (Line Drive, 89S, EV 104.4 MPH)
|
|
Batting: RHB Adan Lake
|
0-0: Ball 1-0: Called Strike 1-1: Foul Ball, location: 2F 1-2: Foul Ball, location: 2F 1-2: Ball 2-2: Foul Ball, location: 2F 2-2: DOUBLE (Flyball, 8RXD, EV 98.8 MPH) Joe Kirkland to third
|
|
Batting: SHB Curtis Thompson
|
0-0: Ball 1-0: Ball 2-0: Ball 3-0: Called Strike 3-1: Base on Balls
|
|
Batting: RHB Alex Belton
|
0-0: Ball 1-0: SINGLE (Groundball, 34D, EV 97.5 MPH) Joe Kirkland scores Adan Lake to third Curtis Thompson to second
|
|
Batting: RHB Ray Souza
|
0-0: Called Strike 0-1: Called Strike 0-2: Ball 1-2: Ball 2-2: Ball 3-2: Strikes out swinging
|
|
Batting: RHB Russ Cornett
|
0-0: Ball 1-0: Ball 2-0: Called Strike 2-1: Ball 3-1: Base on Balls Adan Lake scores Curtis Thompson to third Alex Belton to second
|
|
Batting: LHB Adam Tarbutton
|
0-0: Foul Ball, location: 2F 0-1: Foul Ball, location: 2F 0-2: Strikes out swinging
|
|
Batting: SHB Alfie Bungledorf
|
0-0: Called Strike 0-1: Ball 1-1: Ground out 2-3 (Groundball, 2L, EV 60.6 MPH)
|
| Bottom of the 2nd over - 2 runs, 3 hits, 0 errors, 3 left on base; Mahoning Valley 1 - Chicago (NYP) 2 |
| TOP OF THE 3RD |
|
Mahoning Valley Scrappers batting - Pitching for Chicago (NYP) White Sox : LHP Sean Cerna
|
|
Batting: LHB Esteban Cordova
|
0-0: Called Strike 0-1: Foul Ball, location: 2F 0-2: Foul Ball, location: 2F 0-2: Ball 1-2: Ball 2-2: Foul Ball, location: 2F 2-2: Foul Ball, location: 2F 2-2: Foul Ball, location: 2F 2-2: Foul Ball, location: 2F 2-2: Ball 3-2: SOLO HOME RUN (Flyball, 7LD, EV 97.5 MPH), Distance : 365 ft
|
|
Batting: RHB Kenzo Shinoda
|
0-0: Called Strike 0-1: Swinging Strike 0-2: Foul Ball, location: 2F 0-2: Ball 1-2: Fly out, F8 (Flyball, 8LXD, EV 77.5 MPH)
|
|
Batting: LHB Shane Montalvo
|
0-0: Foul Ball, location: 2F 0-1: Called Strike 0-2: Foul Ball, location: 2F 0-2: Strikes out swinging
|
|
Batting: RHB Andy Lewis
|
0-0: Ball 1-0: Swinging Strike 1-1: Ball 2-1: Ball 3-1: Hit by Pitch
|
|
Batting: RHB John Bianconi
|
0-0: Ball 1-0: Ball 2-0: Swinging Strike 2-1: Swinging Strike 2-2: Foul Ball, location: 2F 2-2: Strikes out looking
|
| Top of the 3rd over - 1 run, 1 hit, 0 errors, 1 left on base; Mahoning Valley 2 - Chicago (NYP) 2 |
| BOTTOM OF THE 3RD |
|
Chicago (NYP) White Sox batting - Pitching for Mahoning Valley Scrappers : LHP Jordan Leon
|
|
Batting: RHB Will Washburn
|
0-0: Called Strike 0-1: Ground out 5-3 (Groundball, 56, EV 81.9 MPH)
|
|
Batting: LHB Joe Kirkland
|
0-0: Ball 1-0: Called Strike 1-1: Swinging Strike 1-2: Ball 2-2: Ball 3-2: Base on Balls
|
|
Batting: RHB Adan Lake
|
0-0: Fielders Choice at 2nd, 6-4 (Groundball, 6D, EV 97.5 MPH)
|
|
Batting: SHB Curtis Thompson
|
0-0: Ball 1-0: Foul Ball, location: 2F 1-1: Ball 2-1: Ball 3-1: Base on Balls Adan Lake to second
|
|
Batting: RHB Alex Belton
|
0-0: Called Strike 0-1: Ball 1-1: Ball 2-1: Ground out 3-1 (Groundball, 13, EV 95.0 MPH)
|
| Bottom of the 3rd over - 0 runs, 0 hits, 0 errors, 2 left on base; Mahoning Valley 2 - Chicago (NYP) 2 |
| TOP OF THE 4TH |
|
Mahoning Valley Scrappers batting - Pitching for Chicago (NYP) White Sox : LHP Sean Cerna
|
|
Batting: SHB Travis Burnett
|
0-0: Ball 1-0: Called Strike 1-1: Fly out, F8 (Line Drive, 8RM, EV 88.1 MPH)
|
|
Batting: RHB Luis Roman
|
0-0: Called Strike 0-1: Ground out 6-3 (Groundball, 6, EV 88.1 MPH)
|
|
Batting: SHB Javon Mitchell
|
0-0: Ball 1-0: Foul Ball, location: 2F 1-1: Ground out 6-3 (Groundball, 6, EV 84.4 MPH)
|
| Top of the 4th over - 0 runs, 0 hits, 0 errors, 0 left on base; Mahoning Valley 2 - Chicago (NYP) 2 |
| BOTTOM OF THE 4TH |
|
Chicago (NYP) White Sox batting - Pitching for Mahoning Valley Scrappers : LHP Jordan Leon
|
|
Batting: RHB Ray Souza
|
0-0: Swinging Strike 0-1: Ball 1-1: Swinging Strike 1-2: Ball 2-2: Ground out 6-3 (Groundball, 4MD, EV 103.1 MPH)
|
|
Batting: RHB Russ Cornett
|
0-0: Ball 1-0: Ball 2-0: Foul Ball, location: 2F 2-1: Ball 3-1: Swinging Strike 3-2: Base on Balls
|
|
Pitching: RHP Ian Nordquist
|
|
|
Batting: LHB Adam Tarbutton
|
0-0: Ball 1-0: Foul Ball, location: 2F 1-1: Ball 2-1: Ball 3-1: TRIPLE (Line Drive, 9D, EV 109.4 MPH) Russ Cornett scores
|
|
Batting: SHB Alfie Bungledorf
|
0-0: Called Strike 0-1: Swinging Strike 0-2: Ball 1-2: Strikes out swinging
|
|
Batting: RHB Will Washburn
|
0-0: Ball 1-0: Ball 2-0: Ball 3-0: Called Strike 3-1: Base on Balls
|
|
Batting: LHB Joe Kirkland
|
0-0: Ball 1-0: Foul Ball, location: 2F 1-1: Ball 2-1: Foul Ball, location: 2F 2-2: Foul Ball, location: 2F 2-2: Foul Ball, location: 2F 2-2: 3-RUN HOME RUN (Flyball, 89XD, EV 110.0 MPH), Distance : 432 ft
|
|
Pitching: RHP Bill Snyder
|
|
|
Batting: RHB Adan Lake
|
0-0: Ball 1-0: Ball 2-0: Foul Ball, location: 2F 2-1: Called Strike 2-2: Foul Ball, location: 2F 2-2: Strikes out looking
|
| Bottom of the 4th over - 4 runs, 2 hits, 0 errors, 0 left on base; Mahoning Valley 2 - Chicago (NYP) 6 |
| TOP OF THE 5TH |
|
Mahoning Valley Scrappers batting - Pitching for Chicago (NYP) White Sox : LHP Sean Cerna
|
|
Batting: RHB Anibal Casteles
|
0-0: Foul Ball, location: 2F 0-1: Ball 1-1: Ball 2-1: Swinging Strike 2-2: SINGLE (Line Drive, 78S, EV 88.1 MPH)
|
|
Batting: LHB Esteban Cordova
|
0-0: Ball 1-0: Foul Ball, location: 2F 1-1: Called Strike 1-2: Strikes out swinging
|
|
Batting: RHB Kenzo Shinoda
|
0-0: Called Strike 0-1: Ball 1-1: Ball 2-1: Ball 3-1: Foul Ball, location: 2F 3-2: SINGLE (Groundball, 34D, EV 95.6 MPH) Anibal Casteles to second Runner from 2nd tries for 3rd, SAFE, throw by RF made to third Kenzo Shinoda to second
|
|
Batting: LHB Shane Montalvo
|
0-0: Called Strike 0-1: Ground out 4-3 (Groundball, 4, EV 86.2 MPH) Anibal Casteles scores Kenzo Shinoda to third
|
|
Batting: RHB Andy Lewis
|
0-0: Called Strike 0-1: Hit by Pitch
|
|
Batting: RHB John Bianconi
|
0-0: Ball 1-0: Called Strike 1-1: Ball 2-1: Foul Ball, location: 2F 2-2: Ball 3-2: Base on Balls Andy Lewis to second
|
|
Batting: SHB Travis Burnett
|
0-0: Ball 1-0: Ball 2-0: Called Strike 2-1: Reached on error, E5 (Groundball, 5S, EV 65.6 MPH) Kenzo Shinoda scores Andy Lewis scores John Bianconi to third
|
|
Pitching: LHP Miguel Moreno
|
|
|
Batting: RHB Luis Roman
|
0-0: Ball 1-0: Ball 2-0: Foul Ball, location: 2F 2-1: SINGLE (Groundball, 6MD, EV 100.0 MPH) John Bianconi scores Travis Burnett to third Runner from 3rd tries for Home, throw by CF and OUT! 8-2
|
| Top of the 5th over - 4 runs, 3 hits, 1 error, 1 left on base; Mahoning Valley 6 - Chicago (NYP) 6 |
| BOTTOM OF THE 5TH |
|
Chicago (NYP) White Sox batting - Pitching for Mahoning Valley Scrappers : RHP Bill Snyder
|
|
Batting: SHB Curtis Thompson
|
0-0: Called Strike 0-1: Foul Ball, location: 2F 0-2: Foul Ball, location: 2F 0-2: Ball 1-2: Ball 2-2: Ball 3-2: Strikes out swinging
|
|
Batting: RHB Alex Belton
|
0-0: SINGLE (Groundball, 4MD, EV 87.5 MPH) (infield hit)
|
|
Batting: RHB Ray Souza
|
0-0: Ball 1-0: Called Strike Alex Belton steals 2nd base 1-1: Foul Ball, location: 2F 1-2: Strikes out swinging
|
|
Pitching: RHP Chris Cohen
|
|
|
Batting: RHB Russ Cornett
|
0-0: Foul Ball, location: 2F 0-1: Ball 1-1: Foul Ball, location: 2F 1-2: Ball 2-2: Ball 3-2: Foul Ball, location: 2F 3-2: SINGLE (Flyball, 34D, EV 90.0 MPH) - OUT at second base trying to stretch hit. Alex Belton scores
|
| Bottom of the 5th over - 1 run, 2 hits, 0 errors, 0 left on base; Mahoning Valley 6 - Chicago (NYP) 7 |
| TOP OF THE 6TH |
|
Mahoning Valley Scrappers batting - Pitching for Chicago (NYP) White Sox : LHP Miguel Moreno
|
|
Batting: SHB Javon Mitchell
|
0-0: Foul Ball, location: 2F 0-1: Bunt missed! 0-2: Strikes out looking
|
|
Batting: RHB Anibal Casteles
|
0-0: Ball 1-0: Ball 2-0: Ball 3-0: Called Strike 3-1: Called Strike 3-2: TRIPLE (Flyball, 78XD, EV 103.8 MPH)
|
|
Batting: LHB Esteban Cordova
|
0-0: Ball 1-0: Ball 2-0: Swinging Strike 2-1: Ball 3-1: Foul Ball, location: 2F 3-2: Foul Ball, location: 2F 3-2: Base on Balls
|
|
Batting: RHB Kenzo Shinoda
|
0-0: Ball 1-0: Ball 2-0: Called Strike 2-1: Foul Ball, location: 2F 2-2: Ball 3-2: Foul Ball, location: 2F 3-2: TRIPLE (Line Drive, 78XD, EV 101.9 MPH) Anibal Casteles scores Esteban Cordova scores
|
|
Pitching: LHP Brandon Davis
|
|
|
Batting: LHB Shane Montalvo
|
0-0: Called Strike 0-1: Reached on error, E5 (Groundball, 25, EV 76.9 MPH) Kenzo Shinoda scores
|
|
Batting: RHB Andy Lewis
|
0-0: Ball 1-0: Ball 2-0: SINGLE (Groundball, 56D, EV 108.1 MPH) (infield hit) Shane Montalvo to second
|
|
Batting: RHB John Bianconi
|
0-0: Ball 1-0: Ball 2-0: Ball 3-0: Called Strike 3-1: Base on Balls Shane Montalvo to third Andy Lewis to second
|
|
Batting: SHB Travis Burnett
|
0-0: Foul Ball, location: 2F 0-1: Fly out, F9 (Flyball, 9, EV 87.5 MPH)
|
|
Batting: RHB Luis Roman
|
0-0: Ball 1-0: Swinging Strike 1-1: Swinging Strike 1-2: Ball 2-2: Foul Ball, location: 2F 2-2: Foul Ball, location: 2F 2-2: Ball 3-2: Strikes out swinging
|
| Top of the 6th over - 3 runs, 3 hits, 1 error, 3 left on base; Mahoning Valley 9 - Chicago (NYP) 7 |
| BOTTOM OF THE 6TH |
|
Chicago (NYP) White Sox batting - Pitching for Mahoning Valley Scrappers : RHP Chris Cohen
|
|
Batting: LHB Adam Tarbutton
|
0-0: Fly out, F8 (Flyball, 8LD, EV 89.4 MPH)
|
|
Batting: SHB Alfie Bungledorf
|
0-0: Ground out 6-3 (Groundball, 6, EV 82.5 MPH)
|
|
Batting: RHB Will Washburn
|
0-0: Called Strike 0-1: Ball 1-1: Ball 2-1: Foul Ball, location: 2F 2-2: Foul Ball, location: 2F 2-2: Foul Ball, location: 2F 2-2: Ball 3-2: Foul Ball, location: 2F 3-2: Reached on error, E1 (Groundball, P, EV 74.4 MPH)
|
|
Batting: LHB Joe Kirkland
|
0-0: Ball 1-0: Ball 2-0: SINGLE (Line Drive, 56D, EV 97.5 MPH) Will Washburn to third
|
|
Batting: RHB Adan Lake
|
0-0: Ball 1-0: Ball Joe Kirkland is caught stealing 2nd base 2-4
|
| Bottom of the 6th over - 0 runs, 1 hit, 1 error, 1 left on base; Mahoning Valley 9 - Chicago (NYP) 7 |
| TOP OF THE 7TH |
|
Mahoning Valley Scrappers batting - Pitching for Chicago (NYP) White Sox : LHP Brandon Davis
|
|
Batting: SHB Javon Mitchell
|
0-0: Called Strike 0-1: Ball 1-1: Swinging Strike 1-2: Fly out, F7 (Flyball, 78D, EV 93.1 MPH)
|
|
Batting: RHB Anibal Casteles
|
0-0: Ball 1-0: Called Strike 1-1: Ball 2-1: Foul Ball, location: 2F 2-2: Foul Ball, location: 2F 2-2: Strikes out swinging
|
|
Batting: LHB Esteban Cordova
|
0-0: Ball 1-0: Ball 2-0: Swinging Strike 2-1: Called Strike 2-2: Strikes out swinging
|
| Top of the 7th over - 0 runs, 0 hits, 0 errors, 0 left on base; Mahoning Valley 9 - Chicago (NYP) 7 |
| BOTTOM OF THE 7TH |
|
Chicago (NYP) White Sox batting - Pitching for Mahoning Valley Scrappers : RHP Chris Cohen
|
|
Batting: RHB Adan Lake
|
0-0: Swinging Strike 0-1: Called Strike 0-2: Ball 1-2: Foul Ball, location: 2F 1-2: Foul Ball, location: 2F 1-2: Ball 2-2: Ball 3-2: Base on Balls
|
|
Batting: SHB Curtis Thompson
|
0-0: Ball 1-0: Ball 2-0: Foul Ball, location: 2F 2-1: Ball 3-1: Foul Ball, location: 2F 3-2: Foul Ball, location: 2F 3-2: Foul Ball, location: 2F 3-2: Base on Balls Adan Lake to second
|
|
Pinch Hitting: LHB James Groshong
|
0-0: Foul Ball, location: 2F 0-1: SINGLE (Groundball, 34D, EV 96.2 MPH) Adan Lake to third Curtis Thompson to second
|
|
Batting: RHB Ray Souza
|
0-0: Called Strike 0-1: Ball 1-1: Ball 2-1: Ball 3-1: Base on Balls Adan Lake scores Curtis Thompson to third James Groshong to second
|
|
Batting: RHB Russ Cornett
|
0-0: Ball 1-0: Ball 2-0: Ball 3-0: Base on Balls Curtis Thompson scores James Groshong to third Ray Souza to second
|
|
Batting: LHB Adam Tarbutton
|
0-0: Ball 1-0: Ball 2-0: Grounds into fielders choice 5-2 (Groundball, 56S, EV 65.6 MPH) Ray Souza to third Russ Cornett to second
|
|
Batting: SHB Alfie Bungledorf
|
0-0: TRIPLE (Flyball, 78XD, EV 103.8 MPH) Ray Souza scores Russ Cornett scores Adam Tarbutton scores
|
|
Batting: RHB Will Washburn
|
0-0: Ball Wild Pitch! Alfie Bungledorf scores 1-0: Called Strike 1-1: Ground out 4-3 (Groundball, 34, EV 81.2 MPH)
|
|
Batting: LHB Joe Kirkland
|
0-0: Ball 1-0: Ball 2-0: Fly out, F7 (Flyball, 7, EV 73.1 MPH)
|
| Bottom of the 7th over - 6 runs, 2 hits, 0 errors, 0 left on base; Mahoning Valley 9 - Chicago (NYP) 13 |
| TOP OF THE 8TH |
|
Mahoning Valley Scrappers batting - Pitching for Chicago (NYP) White Sox : LHP Brandon Davis
|
|
Pitching: RHP Toyotoshi Matsui
|
|
|
Now at SS: Alfie Bungledorf
|
|
|
Now in LF: James Groshong
|
|
|
Batting: RHB Kenzo Shinoda
|
0-0: Ball 1-0: Ball 2-0: Called Strike 2-1: Ball 3-1: SOLO HOME RUN (Flyball, 89XD, EV 108.1 MPH), Distance : 431 ft
|
|
Batting: LHB Shane Montalvo
|
0-0: Called Strike 0-1: Ball 1-1: Ball 2-1: Called Strike 2-2: Foul Ball, location: 2F 2-2: Foul Ball, location: 2F 2-2: Ground out 4-3 (Groundball, 4S, EV 86.2 MPH)
|
|
Pinch Hitting: LHB Chris Morgan
|
0-0: Swinging Strike 0-1: Ball 1-1: Ball 2-1: Ball 3-1: Base on Balls
|
|
Batting: RHB John Bianconi
|
0-0: Ball 1-0: Called Strike 1-1: Ball 2-1: Ball 3-1: Foul Ball, location: 2F 3-2: SINGLE (Groundball, 56D, EV 95.0 MPH) Chris Morgan to second
|
|
Batting: SHB Travis Burnett
|
0-0: Called Strike 0-1: Ball 1-1: SINGLE (Line Drive, 78S, EV 89.4 MPH) Chris Morgan to third John Bianconi to second
|
|
Pinch Hitting: LHB John Holst
|
0-0: Called Strike 0-1: Ball 1-1: Ball 2-1: Called Strike 2-2: Foul Ball, location: 2F 2-2: Strikes out looking
|
|
Pinch Hitting: RHB Rico Coss
|
0-0: GRAND SLAM HOME RUN (Flyball, 7D, EV 106.2 MPH), Distance : 394 ft
|
|
Pitching: LHP Jose Andujar
|
|
|
Batting: RHB Anibal Casteles
|
0-0: Ball 1-0: Called Strike 1-1: Swinging Strike 1-2: Ball 2-2: Foul Ball, location: 2F 2-2: Strikes out swinging
|
| Top of the 8th over - 5 runs, 4 hits, 0 errors, 0 left on base; Mahoning Valley 14 - Chicago (NYP) 13 |
| BOTTOM OF THE 8TH |
|
Chicago (NYP) White Sox batting - Pitching for Mahoning Valley Scrappers : RHP Chris Cohen
|
|
Now at 1B: Justin Eargle
|
|
|
Now at 2B: Ighlas Mwara
|
|
|
Now at SS: Rico Coss
|
|
|
Batting: RHB Adan Lake
|
0-0: Ball 1-0: Ground out 4-3 (Groundball, 4, EV 86.2 MPH)
|
|
Pitching: LHP Alec Valencia
|
|
|
Batting: SHB Curtis Thompson
|
0-0: Ball 1-0: Ball 2-0: SINGLE (Groundball, 56D, EV 97.5 MPH)
|
|
Pinch Hitting: RHB Scott Schwartz
|
0-0: Called Strike 0-1: Sac Bunt to 23 - play at first, batter OUT! 3-4 Curtis Thompson to second
|
|
Batting: RHB Ray Souza
|
0-0: Called Strike 0-1: Ball 1-1: Swinging Strike 1-2: Foul Ball, location: 2F 1-2: Foul Ball, location: 2F 1-2: 2-RUN HOME RUN (Flyball, 78XD, EV 111.9 MPH), Distance : 445 ft
|
|
Batting: RHB Russ Cornett
|
0-0: Ball 1-0: Ball 2-0: Ball 3-0: Foul Ball, location: 2F 3-1: Called Strike 3-2: SINGLE (Flyball, 9LS, EV 94.4 MPH)
|
|
Batting: LHB Adam Tarbutton
|
0-0: Swinging Strike 0-1: Ball 1-1: Ball 2-1: SINGLE (Groundball, 56D, EV 109.4 MPH) Russ Cornett to second
|
|
Batting: SHB Alfie Bungledorf
|
0-0: Ball 1-0: Fly out, F8 (Flyball, 89M, EV 88.1 MPH)
|
| Bottom of the 8th over - 2 runs, 4 hits, 0 errors, 2 left on base; Mahoning Valley 14 - Chicago (NYP) 15 |
| TOP OF THE 9TH |
|
Mahoning Valley Scrappers batting - Pitching for Chicago (NYP) White Sox : LHP Jose Andujar
|
|
Now at 3B: Tim Connell
|
|
|
Now in LF: David Clark
|
|
|
Batting: RHB Ricky Cordova
|
0-0: DOUBLE (Line Drive, 78XD, EV 99.4 MPH)
|
|
Batting: RHB Kenzo Shinoda
|
0-0: Foul Ball, location: 2F 0-1: Ball 1-1: Ball 2-1: Called Strike 2-2: Strikes out looking
|
|
Batting: LHB Shane Montalvo
|
0-0: Ball 1-0: Foul Ball, location: 2F 1-1: Ball 2-1: Ball 3-1: Base on Balls
|
|
Pinch Hitting: RHB Jason Roberts
|
0-0: Foul Ball, location: 2F 0-1: Ball 1-1: Called Strike 1-2: SINGLE (Groundball, 56S, EV 75.0 MPH) (infield hit) Ricky Cordova to third Shane Montalvo to second
|
|
Batting: RHB John Bianconi
|
0-0: Foul Ball, location: 2F 0-1: Ball 1-1: Called Strike 1-2: Foul Ball, location: 2F 1-2: Foul Ball, location: 2F 1-2: Strikes out swinging
|
|
Batting: SHB Travis Burnett
|
0-0: Ball 1-0: Foul Ball, location: 2F 1-1: SINGLE (Groundball, 4MD, EV 103.8 MPH) Ricky Cordova scores Shane Montalvo to third Jason Roberts to second Runner from 3rd tries for Home, SAFE, throw by CF to home
|
|
Batting: RHB Ighlas Mwara
|
0-0: Ball 1-0: Foul Ball, location: 2F 1-1: Foul Ball, location: 2F 1-2: Ball 2-2: Strikes out swinging
|
| Top of the 9th over - 2 runs, 3 hits, 0 errors, 2 left on base; Mahoning Valley 16 - Chicago (NYP) 15 |
| BOTTOM OF THE 9TH |
|
Chicago (NYP) White Sox batting - Pitching for Mahoning Valley Scrappers : LHP Alec Valencia
|
|
Now at 1B: Shane Montalvo
|
|
|
Now in LF: Darius Vinson
|
|
|
Batting: RHB Will Washburn
|
0-0: Ground out 6-3 (Groundball, 56S, EV 89.4 MPH)
|
|
Batting: LHB Joe Kirkland
|
0-0: Ball 1-0: Swinging Strike 1-1: Ground out U3 (Groundball, 3, EV 84.4 MPH)
|
|
Batting: RHB Adan Lake
|
0-0: Fly out, F7 (Flyball, 7S, EV 91.2 MPH)
|
| Bottom of the 9th over - 0 runs, 0 hits, 0 errors, 0 left on base; Mahoning Valley 16 - Chicago (NYP) 15 |
|